 Dungeon Crawl Stone Soup version 0.21.1-1-g345015fe64 (webtiles) character file.

19772 hrogart the Severer (level 12, -49/113 HPs)
             Began as a Minotaur Berserker on July 31, 2018.
             Was a High Priest of Trog.
             Killed from afar by an ogre mage (59 damage)
             ... with a crystal spear
             ... on level 2 of the Orcish Mines.
             The game lasted 01:40:22 (11964 turns).

hrogart the Severer (Minotaur Berserker)           Turns: 11964, Time: 01:40:25

Health: -49/113    AC: 23    Str: 26    XL:     12   Next: 39%
Magic:  3/3        EV:  8    Int:  7    God:    Trog [*****.]
Gold:   636        SH:  0    Dex: 11    Spells: 11/11 levels left

rFire    . . .     SeeInvis .   J - +5 battleaxe (antimagic)
rCold    . . .     Gourm    .   (shield currently unavailable)
rNeg     . . .     Faith    .   I - +3 plate armour
rPois    .         Spirit   .   G - +2 hat
rElec    .         Reflect  .   F - +1 cloak {+Inv}
rCorr    .         Harm     .   (no gloves)
MR       .....                  (no boots)
Stlth    ..........             e - amulet of regeneration
HPRegen  0.68/turn              w - +3 ring of intelligence
MPRegen  0.08/turn              (no ring)

@: about to teleport, berserk cooldown, slowed, very slow
A: retaliatory headbutt, horns 2
a: Berserk, Trog's Hand, Brothers in Arms, Burn Spellbooks, Renounce Religion,
Evoke Invisibility


You were on level 2 of the Orcish Mines.
You worshipped Trog.
Trog was extremely pleased with you.
You were near starving.

You visited 3 branches of the dungeon, and saw 14 of its levels.

You collected 1070 gold pieces.
You spent 434 gold pieces at shops.

Inventory:

Hand Weapons
 a - a +2 broad axe of flaming
 b - a +0 hunting sling
 H - the +5 hunting sling "Oceplus" {venom, rF- Str-5 Dex+9 Stlth+}
   (Trog gifted it to you on level 1 of the Orcish Mines)

   It poisons the ammo it fires.
   It affects your strength (-5).
   It affects your dexterity (+9).
   It makes you vulnerable to fire.
   It makes you more stealthy.
 J - a +5 antimagic battleaxe (weapon)
Missiles
 m - 124 sling bullets (quivered)
 B - 7 poisoned javelins
Armour
 F - a +1 cloak of invisibility (worn)
 G - a +2 hat (worn)
 I - a +3 plate armour (worn)
Jewellery
 e - an amulet of regeneration (around neck)
 p - an uncursed amulet of faith {unknown}
 u - an uncursed ring of positive energy {unknown}
 w - a +3 ring of intelligence (left hand)
 z - an uncursed ring of protection from magic {unknown}
Wands
 x - a wand of digging (13)
 D - a wand of iceblast (3)
 E - a wand of polymorph (7)
Scrolls
 f - 2 scrolls of fog
 g - a scroll of identify
 i - 2 scrolls of remove curse
 k - 5 scrolls of enchant weapon {unknown}
 l - 2 scrolls of random uselessness {unknown}
 o - 7 scrolls of teleportation
 q - 3 scrolls of immolation
 s - 3 scrolls of magic mapping {unknown}
 y - a scroll of summoning {unknown}
 C - a scroll of blinking {unknown}
Potions
 c - 3 potions of haste
 d - a potion of heal wounds
 h - 4 potions of brilliance
 j - 2 potions of cancellation
 t - 4 potions of curing
 A - 2 potions of flight
Comestibles
 n - 11 chunks of flesh
 r - 23 rations


   Skills:
 + Level 12.6 Fighting
 * Level 16.7 Axes
 + Level 12.3 Armour
 - Level 2.3 Dodging


You had 11 spell levels left.
You didn't know any spells.

Dungeon Overview and Level Annotations

Branches:
Dungeon (11/15)            Temple (1/1) D:6            Lair (0/6) D:10
    Orc (2/2) D:10
    Elf: Orc:2

Altars:
Ashenzari
Cheibriados
Dithmenos
Elyvilon
Fedhas
Gozag
Hepliaklqana
Kikubaaqudgha
Makhleb
Nemelex Xobeh
Okawaru
Qazlal
Ru
Sif Muna
Trog
Uskayaw
Vehumet
Wu Jian
Xom
Yredelemnul
Zin
The Shining One
Beogh

Shops:
D:5 !   D:8 =(=   Orc:1 (   Orc:2 *[

Annotations:
D:4 1 exclusion
D:6 1 exclusion
D:7 1 exclusion
D:8 1 exclusion
D:9 1 exclusion
D:10 2 exclusions
D:11 wotfoxis's ghost, journeyman HOFi
Orc:2 1 exclusion


Innate Abilities, Weirdness & Mutations

You reflexively headbutt those who attack you in melee.
You have a pair of horns on your head.


Message History

a giant club; an ogre corpse Drop what? 35/52 slots (_ for help) (? for menu, Esc to quit)
Okay, then.
Quiver which item? (- for none, * to show all) (? for menu, Esc to quit)
Okay, then.
You feel much better.
The ogre mage hits you but does no damage.
You are electrocuted!
* * * LOW HITPOINT WARNING * * *
As you read the scroll of teleportation, it crumbles to dust.
You feel strangely unstable.
The ogre mage hits you but does no damage.
You hit the ogre mage.
The ogre mage's magic leaks into the air.
You headbutt the ogre mage.
The ogre mage is almost dead.
The ogre mage gestures at you while chanting.
The crystal spear hits you!
Ouch! That really hurt!
You die...

#♣........
###P........
###...........
#.#........#..
#.........)...
#.........#...
##.......##.[)
#####+##.......###.#
#∩.@#.##.........###
#..)O.#...........##
#...#.#.)(........##
#####.###)###......#
#...#)#.....#......)
#...).#.....#.......
#∩..#.'..⌠..#.......
#####.#.....#....<..
#...).#....[#.......


You could see an ogre mage.

Vanquished Creatures
  Gastronok (D:9)
  A stone giant (Orc:2)
  A two-headed ogre (Orc:2)
  An orc high priest (Orc:2)
  An unseen horror (D:11)
  4 orc knights
  3 orc sorcerers
  Psyche (D:8)
  A queen bee (D:9)
  2 hornets
  3 trolls
  Sigmund (D:4)
  The ghost of Tali the Covered, an amateur MiFi (D:4)
  9 yaks
  A hungry ghost (D:10)
  A soldier ant (D:10)
  6 wargs
  24 orc warriors
  2 ice beasts
  2 necrophages
  2 phantoms
  2 sky beasts
  11 ogres
  3 centaurs
  A crocodile (D:8)
  3 big kobolds
  A wyvern zombie (D:9)
  4 bullfrogs
  A scorpion (D:10)
  18 killer bees
  2 crimson imps
  3 quasits
  2 bullfrog zombies
  4 jellies
  16 orc priests
  Crazy Yiuf (D:7)
  2 centaur skeletons
  6 hounds
  3 bullfrog skeletons
  19 orc wizards
  3 iguanas
  4 worker ants
  2 hound zombies
  A hound skeleton (D:5)
  2 worker ant zombies
  A gnoll (D:1)
  11 adders
  A shadow imp (D:8)
  An adder zombie (D:8)
  4 worms
  7 leopard geckos
  81 orcs
  11 bats
  8 giant cockroaches
  2 gnoll zombies (D:6)
  6 goblins
  7 hobgoblins
  5 jackals
  3 quokkas
  A ball python skeleton (D:5)
  4 frilled lizards
  20 kobolds
  13 rats
368 creatures vanquished.

Vanquished Creatures (collateral kills)
  An orc knight (Orc:2)
  Maurice (D:9)
  An orc warrior (Orc:2)
  An ogre (Orc:2)
  A killer bee (D:9)
  3 orcs (Orc:2)
  A quokka zombie (D:9)
9 creatures vanquished.

Grand Total: 377 creatures vanquished

Notes
Turn   | Place    | Note
-------+----------+-------------------------------------------
     0 | D:1      | hrogart the Minotaur Berserker began the quest for the Orb.
     0 | D:1      | Reached XP level 1. HP: 19/19 MP: 0/0
   130 | D:1      | Reached XP level 2. HP: 21/27 MP: 1/1
   151 | D:1      | Reached skill level 4 in Axes
   491 | D:1      | Reached ** piety under Trog
  1061 | D:2      | Found a stormy altar of Qazlal.
  1120 | D:2      | Reached XP level 3. HP: 31/33 MP: 2/2
  1601 | D:2      | Reached XP level 4. HP: 41/41 MP: 3/3
  1610 | D:2      | Reached skill level 5 in Axes
  2166 | D:3      | Found a white marble altar of Elyvilon.
  2174 | D:3      | Reached *** piety under Trog
  2329 | D:3      | Reached XP level 5. HP: 36/47 MP: 4/4
  2563 | D:4      | Noticed an ogre
  2979 | D:3      | Killed an ogre
  2979 | D:3      | Reached skill level 5 in Fighting
  2979 | D:3      | Reached skill level 6 in Axes
  3101 | D:4      | Reached XP level 6. HP: 51/56 MP: 5/5
  3255 | D:4      | Noticed Tali's ghost (amateur MiFi)
  3393 | D:4      | Killed Tali's ghost
  3393 | D:4      | Reached skill level 7 in Axes
  3393 | D:4      | Reached XP level 7. HP: 62/62 MP: 6/6
  3394 | D:4      | Reached skill level 5 in Armour
  3420 | D:4      | Noticed Sigmund
  3438 | D:4      | Killed Sigmund
  3480 | D:4      | Reached skill level 8 in Axes
  3549 | D:4      | Reached **** piety under Trog
  3778 | D:5      | Entered Level 5 of the Dungeon
  3791 | D:5      | Found a sacrificial altar of Ru.
  3899 | D:5      | Reached XP level 8. HP: 70/71 MP: 7/7
  4153 | D:5      | Found a blossoming altar of Fedhas.
  4224 | D:5      | Reached skill level 9 in Axes
  4455 | D:5      | Found Domaczen's Distillery.
  4472 | D:5      | Bought a potion of haste for 120 gold pieces
  4472 | D:5      | Bought a potion of curing for 36 gold pieces
  4472 | D:5      | Bought a potion of flight for 36 gold pieces
  4472 | D:5      | Bought a potion of degeneration for 12 gold pieces
  4925 | D:6      | Reached skill level 10 in Axes
  5055 | D:6      | Found a basalt altar of Yredelemnul.
  5185 | D:6      | Reached XP level 9. HP: 62/80 MP: 8/8
  5374 | D:6      | Reached skill level 11 in Axes
  5384 | D:6      | Found a staircase to the Ecumenical Temple.
  5411 | Temple   | Entered the Ecumenical Temple
  6424 | D:7      | Found a runed door.
  6428 | D:7      | Noticed Crazy Yiuf
  6431 | D:7      | Killed Crazy Yiuf
  6532 | D:7      | Reached ***** piety under Trog
  6670 | D:7      | Found a radiant altar of Vehumet.
  6769 | D:8      | Found Xecweantell's Jewellery Shoppe.
  7085 | D:8      | Reached skill level 12 in Axes
  7128 | D:8      | Found Zoobuyckos's Jewellery Shop.
  7136 | D:8      | Found Nafeisyl's Weapon Shoppe.
  7139 | D:8      | You fall through a shaft!
  7365 | D:9      | Reached XP level 10. HP: 67/90 MP: 9/9
  7629 | D:9      | Got a pair of jewelled boots
  7635 | D:9      | Identified the cursed -4 pair of boots of Claustrophobia {Int+4 Stlth+} (You found it on level 9 of the Dungeon)
  7652 | D:9      | Noticed Maurice
  7664 | D:9      | Killed Maurice
  7736 | D:9      | Noticed Gastronok
  7759 | D:9      | Killed Gastronok
  7759 | D:9      | Reached skill level 10 in Fighting
  7759 | D:9      | Reached skill level 13 in Axes
  7759 | D:9      | Reached skill level 10 in Armour
  7889 | D:9      | Found an opulent altar of Gozag.
  8235 | D:8      | Reached skill level 14 in Axes
  8259 | D:8      | Bought a +2 broad axe of flaming for 230 gold pieces
  8485 | D:8      | Noticed Psyche
  8496 | D:8      | Paralysed by Psyche for 7 turns
  8504 | D:8      | Killed Psyche
  8734 | D:8      | Received a gift from Trog
  8910 | D:10     | Entered Level 10 of the Dungeon
  8918 | D:10     | Reached XP level 11. HP: 88/100 MP: 10/10
  9339 | D:10     | Found a staircase to the Lair.
  9717 | D:10     | Found a staircase to the Orcish Mines.
  9736 | D:10     | Found a roughly hewn altar of Beogh.
 10436 | D:11     | Killed an unseen horror
 10453 | D:11     | Noticed wotfoxis's ghost (journeyman HOFi)
 10454 | D:11     | Noticed a two-headed ogre
 10502 | Orc:1    | Entered Level 1 of the Orcish Mines
 10502 | Orc:1    | Noticed an orc sorcerer
 10509 | Orc:1    | Killed an orc sorcerer
 10509 | Orc:1    | Reached skill level 15 in Axes
 10545 | Orc:1    | Reached ****** piety under Trog
 10559 | Orc:1    | Noticed an orc knight
 10581 | Orc:1    | Killed an orc knight
 10681 | Orc:1    | Noticed an orc sorcerer
 10683 | Orc:1    | Paralysed by an orc sorcerer for 4 turns
 10692 | Orc:1    | Killed an orc sorcerer
 10719 | Orc:1    | Received a gift from Trog
 10731 | Orc:1    | Got a warped hunting sling {god gift}
 10764 | Orc:1    | Identified the +5 hunting sling "Oceplus" {venom, rF- Str-5 Dex+9 Stlth+} (Trog gifted it to you on level 1 of the Orcish Mines)
 10781 | Orc:1    | Found a roughly hewn altar of Beogh.
 10887 | Orc:1    | Found Ykhac's Weapon Shop.
 10961 | Orc:2    | Entered Level 2 of the Orcish Mines
 11224 | Orc:2    | Noticed an orc high priest
 11240 | Orc:2    | Killed an orc high priest
 11406 | Orc:2    | Reached XP level 12. HP: 109/111 MP: 11/11
 11408 | Orc:2    | Reached skill level 16 in Axes
 11461 | Orc:2    | Noticed a two-headed ogre
 11467 | Orc:2    | Killed a two-headed ogre
 11673 | Orc:2    | Noticed a stone giant
 11675 | Orc:2    | Received a gift from Trog
 11688 | Orc:2    | Killed a stone giant
 11772 | Orc:2    | Found a roughly hewn altar of Beogh.
 11923 | Orc:2    | Found Qabriducw's Armour Emporium.
 11945 | Orc:2    | Found Japaent's General Store.
 11946 | Orc:2    | Noticed an ogre mage
 11964 | Orc:2    | Killed from afar by an ogre mage

Skill      XL: |  1  2  3  4  5  6  7  8  9 10 11 12 |
---------------+-------------------------------------+-----
Axes           | 4 5 6 7 8 10 12 14 15 16 | 16.7
Fighting       | 4 5 6 8 9 10 12 | 12.6
Armour         | 3 4 5 7 8 10 11 12 | 12.3
Dodging        | |  2.3

Action                   |  1- 3 |  4- 6 |  7- 9 | 10-12 || total
-------------------------+-------+-------+-------+-------++-------
Melee: Hand axe          |   103 |    80 |       |       ||   183
       Headbutt          |    11 |    24 |    62 |   104 ||   201
       War axe           |       |    71 |   300 |   135 ||   506
       Broad axe         |       |       |       |   342 ||   342
       Battleaxe         |       |       |       |    43 ||    43
Invok: Burn Spellbooks   |       |     1 |     1 |       ||     2
       Berserk           |       |     1 |     3 |     7 ||    11
       Brothers in Arms  |       |       |       |     3 ||     3
       Trog's Hand       |       |       |       |     1 ||     1
  Use: Scroll            |       |     5 |     2 |     5 ||    12
       Potion            |       |       |       |     2 ||     2
  Eat: Ration            |     1 |       |     2 |     2 ||     5
       Chunk             |       |     5 |    10 |    16 ||    31
Armor: Animal skin       |    10 |       |       |       ||    10
       Leather armour    |    10 |    14 |       |       ||    24
       Chain mail        |       |    25 |    75 |       ||   100
       Plate armour      |       |       |    63 |   229 ||   292
Dodge: Dodged            |    78 |    64 |    89 |   145 ||   376
Block: Buckler           |       |     5 |    21 |    43 ||    69
